 Dungeon Crawl Stone Soup version 0.23-a0-677-g07611c5 (webtiles) character file.

68 zishaf the Skirmisher (level 4, 0/48 HPs)
             Began as an Ogre Hunter on Jan 9, 2019.
             Succumbed to an adder's poison
             ... on level 3 of the Dungeon.
             The game lasted 00:03:59 (1655 turns).

zishaf the Skirmisher (Ogre Hunter)                 Turns: 1655, Time: 00:03:59

Health: 0/48       AC:  5    Str: 16    XL:     4   Next: 19%
Magic:  4/4        EV: 10    Int: 12    God:
Gold:   99         SH:  0    Dex: 10    Spells: 3/3 levels left

rFire    . . .     SeeInvis .   a - +0 flail
rCold    . . .     Gourm    .   (no shield)
rNeg     . . .     Faith    .   b - +1 robe
rPois    .         Spirit   .   (helmet restricted)
rElec    .         Reflect  .   r - +0 cloak
rCorr    .         Harm     .   (gloves unavailable)
MR       .....                  (boots unavailable)
Stlth    +.........             (no amulet)
HPRegen  0.16/turn              (no ring)
MPRegen  0.09/turn              (no ring)

@: lethally poisoned (0 -> -8)
A: large, unfitting armour, tough skin 1
a: no special abilities


You were on level 3 of the Dungeon.
You were not hungry.

You visited 1 branch of the dungeon, and saw 3 of its levels.

You collected 99 gold pieces.

Inventory:

Hand Weapons
 a - a +0 flail (weapon)
Missiles
 c - 5 large rocks
 d - 2 throwing nets
 e - 11 tomahawks (quivered)
 h - 183 stones
 k - 5 javelins
 p - 3 exploding tomahawks
Armour
 b - a +1 robe (worn)
 r - a +0 cloak (worn)
Scrolls
 g - 4 scrolls of identify
 i - a scroll of teleportation {unknown}
 n - a scroll of remove curse
 s - a scroll of fog {unknown}
Potions
 l - a potion of brilliance
 m - a potion of invisibility {unknown}
 o - a potion of mutation {unknown}
 q - a potion of ambrosia {unknown}
Comestibles
 f - 6 rations
 j - 5 chunks of flesh


   Skills:
 + Level 4.3 Fighting
 + Level 0.8 Maces & Flails
 - Level 4.0 Throwing
 + Level 2.9 Dodging
 - Level 0.6 Stealth


You had 3 spell levels left.
You didn't know any spells.
Your spell library was empty.

Dungeon Overview and Level Annotations

Branches:
Dungeon (3/15)

Altars:
Cheibriados
Elyvilon
Uskayaw
Yredelemnul


Innate Abilities, Weirdness & Mutations

You are too large for most types of armour.
You have tough skin. (AC +1)


Message History

* * * LOW HITPOINT WARNING * * *
You feel sick. The adder bites you but does no damage.
The adder barely misses you.
You closely miss the adder.
The adder is almost dead.
* * * LOW HITPOINT WARNING * * *
You feel sick. The adder completely misses you. The adder bites you.
* * * LOW HITPOINT WARNING * * *
You barely miss the adder.
The adder is almost dead.
* * * LOW HITPOINT WARNING * * *
You feel sick. The adder barely misses you.
You closely miss the adder.
The adder is almost dead.
* * * LOW HITPOINT WARNING * * *
You feel sick. The adder bites you but does no damage. The adder bites you.
* * * LOW HITPOINT WARNING * * *
You hit the adder.
You kill the adder!
You die...

#.#.# #..........#
#####
##########.########
#......... #..#######
#..###### #...#...#
#...'.(.# ### ###
######### #..##...#
###.###(# #.....@.#
#...####### .......##
##.####†# #.#..>.....
###.###.###.## ....
...#.##.#### # #.#
##.#.##
.#.(.#####.##.# # #.#
#..## ##.###.# #.##.#
# #.# #.## .....#)#
#.##.# # #.# #.#
##...>.#.#####.##.## #
#.# #.#
#..................# #
... #.#
#<.....#..####.#...###


There were no monsters in sight!

Vanquished Creatures
  2 adders (D:3)
  2 worms
  A dart slug (D:1)
  2 orcs (D:3)
  4 bats
  6 giant cockroaches
  2 goblins
  5 hobgoblins
  2 jackals (D:1)
  2 kobolds (D:2)
  A frilled lizard (D:2)
  A jackal skeleton (D:3)
  10 rats
40 creatures vanquished.

Notes
Turn   | Place    | Note
-------+----------+-------------------------------------------
     0 | D:1      | zishaf the Ogre Hunter began the quest for the Orb.
     0 | D:1      | Reached XP level 1. HP: 22/22 MP: 1/1
   342 | D:1      | Reached XP level 2. HP: 31/31 MP: 2/2
   816 | D:2      | Found a basalt altar of Yredelemnul.
   916 | D:2      | Found a hide-covered altar of Uskayaw.
   941 | D:2      | Reached XP level 3. HP: 39/39 MP: 3/3
   977 | D:2      | Found a white marble altar of Elyvilon.
  1296 | D:3      | Found a snail-covered altar of Cheibriados.
  1526 | D:3      | Reached XP level 4. HP: 48/48 MP: 4/4
  1654 | D:3      | HP: 1/48 [adder (2)]
  1655 | D:3      | Succumbed to an adder's poison

Vault maps used:
D:1:      dpeg_arrival_signposts
D:2:      kennysheep_ying_yang, eat_drink_and_be_merry_uskayaw,
          serial_bayou_crossing
D:3:      lemuel_coloured_pillars_altar, cheibriados_altar_1, eino_tiny_chamber,
          minmay_cupped

Skill      XL: |  1  2  3 |
---------------+----------+-----
Fighting       | 3 4 |  4.3
Dodging        | 2 |  2.9
Maces & Flails | |  0.8
Throwing       | |  4.0
Stealth        | |  0.6

Action                   |  1- 3 |  4- 6 || total
-------------------------+-------+-------++-------
Melee: Short sword       |    26 |       ||    26
       Flail             |     6 |    26 ||    32
Throw: Tomahawk          |    38 |     3 ||    41
       Javelin           |    29 |       ||    29
       Large rock        |     1 |       ||     1
  Use: Scroll            |     3 |       ||     3
  Eat: Chunk             |     2 |       ||     2
Armor: Robe              |    14 |    10 ||    24
Dodge: Dodged            |    22 |    20 ||    42

Table legend:
 A = Non-vault XP
 B = Vault XP
 C = Vault XP percentage of total XP
 D = Non-vault monster count
 E = Vault monster count
 F = Vault count percentage of total count
                 A         B        C        D         E       F
            +---------+---------+-------+---------+---------+-------
      Total |      98 |       0 |   0.0 |      40 |       0 |   0.0
            +---------+---------+-------+---------+---------+-------
        D:1 |      24 |       0 |   0.0 |      13 |       0 |   0.0
        D:2 |      24 |       0 |   0.0 |      14 |       0 |   0.0
        D:3 |      50 |       0 |   0.0 |      13 |       0 |   0.0
            +---------+---------+-------+---------+---------+-------
